 Dungeon Crawl Stone Soup version 0.29.1-13-g9f3cf754e1 (webtiles) character file.

Game seed: 9836838105924024755

39 Saba the Shooter (level 3, 0/22 HPs)
             Began as a Gargoyle Hunter on Feb 8, 2023.
             Slain by a goblin
             ... wielding a +2 dagger of freezing
             ... led by Robin
              (7 damage)
             ... on level 2 of the Dungeon.
             The game lasted 00:00:59 (864 turns).

Saba the Shooter (Gargoyle Hunter)                   Turns: 864, Time: 00:00:59

Health: 0/22       AC:  6    Str: 14    XL:     3   Next: 45%
Magic:  0/3        EV: 11    Int:  9    God:
Gold:   67         SH:  0    Dex: 15    Spells: 2/2 levels left

rFire   . . .      SeeInvis .   a - +0 shortbow
rCold   . . .      Faith    .   (shield currently unavailable)
rNeg    + . .      Spirit   +   c - +0 leather armour
rPois   ∞          Reflect  .   (no helmet)
rElec   +          Harm     .   (no cloak)
rCorr   .          Rampage  .   (no gloves)
Will    .....                   (no boots)
Stlth   ++........              f - amulet of guardian spirit
HPRegen 0.07/turn               (no ring)
MPRegen 0.08/turn               (no ring)

@: no status effects
A: sickness immunity, AC +3, negative energy resistance 1, electricity
resistance, torment resistance 1, petrification resistance
a: no special abilities


You were on level 2 of the Dungeon.
You visited 1 branch of the dungeon, and saw 2 of its levels.

You collected 67 gold pieces.

Inventory:

Hand Weapons
 a - a +0 shortbow (weapon)
 d - a +0 sling
Armour
 c - a +0 leather armour (worn)
Jewellery
 f - an amulet of guardian spirit (around neck)
Scrolls
 b - a scroll of immolation
 e - a scroll of vulnerability {unknown}
 g - 2 scrolls of enchant armour {unknown}
 n - a scroll of teleportation {unknown}
 p - a scroll of identify {unknown}
Potions
 h - 3 potions of curing
 i - a potion of invisibility {unknown}
 j - 2 potions of might {unknown}
 k - a potion of mutation {unknown}
 l - 3 potions of heal wounds {unknown}
 m - a potion of berserk rage {unknown}
 o - a potion of degeneration {unknown}
 q - a potion of lignification {unknown}


   Skills:
 + Level 2.9 Fighting
 * Level 4.8 Ranged Weapons
 - Level 1.5 Dodging
 - Level 1.1 Stealth


You had 2 spell levels left.
You didn't know any spells.
Your spell library was empty.

Dungeon Overview and Level Annotations

Branches:
Dungeon (2/15)

Altars:
Gozag

Annotations:
D:2 1 runed translucent door, Crazy Yiuf, Robin


Innate Abilities, Weirdness & Mutations

You are immune to sickness and miasma.
Your stone body is resilient. (AC +3)
You are immune to poison.
You resist negative energy. (rN+)
You are resistant to electric shocks. (rElec)
You are resistant to unholy torment.
You are immune to petrification.


Message History

You kill the goblin!
The goblin unwields a +0 sling.
The goblin wields a +0 dagger.
The goblin misses you.
You shoot an arrow. The arrow hits the goblin.
The goblin is heavily wounded.
You shoot an arrow. The arrow closely misses the goblin.
The goblin closely misses you.
You shoot an arrow. The arrow hits the goblin.
You kill the goblin!
The goblin hits you but does no damage.
The hobgoblin hits you but does no damage.
You shoot an arrow. The arrow barely misses the hobgoblin.
You hear a shout!
The goblin hits you but does no damage. The hobgoblin barely misses you.
You shoot an arrow. The arrow hits the hobgoblin!
You kill the hobgoblin!
The goblin hits you but does no damage.
You shoot an arrow.
The arrow hits the goblin but does no damage.
The goblin closely misses you.
You shoot an arrow. The arrow closely misses the goblin.
The goblin hits you but does no damage.
The goblin hits you with a +2 dagger of freezing.
The goblin freezes you. Robin throws the goblin at you!
You shoot an arrow.
The arrow hits Robin but does no damage.
Robin hits you with a +0 mace.
The goblin hits you with a +2 dagger of freezing.
* * * LOW HITPOINT WARNING * * *
The goblin freezes you.
* * * LOW HITPOINT WARNING * * *
The goblin attacks as you move away!
The goblin hits you with a +2 dagger of freezing.
* * * LOW HITPOINT WARNING * * *
The goblin freezes you.
It was a potion of curing.
You feel better.
Robin roars a battlecry!
The goblin goes into a battle-frenzy!
The goblin hits you with a +2 dagger of freezing!
You die...

.. #............†..... ...
#.................. ....
#.......#.##....... #...
........#.##.......
#....####......#.##.......
#...ggg.'......#..........
####..###).....####.......
#g.#.gg.....# #.......
#gg#.#@.....# #.......
#.g#.#......# #.......
#.g#.#......# ##.###.#
#..#.###..### #.# #.#
#..#. #..# #.# #.# #.
#..#######.# #.# #.
#..........# #.#
#.########## #.# #. ..#


You could see Robin and a goblin (strong).

Vanquished Creatures
  An adder (D:2)
  2 dart slugs
  3 ball pythons (D:1)
  A bat (D:2)
  A giant cockroach (D:1)
  6 goblins (D:2)
  3 hobgoblins (D:2)
  3 kobolds
  A frilled lizard (D:1)
  4 rats (D:1)
25 creatures vanquished.

Notes
Turn   | Place    | Note
-------+----------+-------------------------------------------
     0 | D:1      | Saba the Gargoyle Hunter began the quest for the Orb.
     0 | D:1      | Reached XP level 1. HP: 12/12 MP: 1/1
   116 | D:1      | Reached XP level 2. HP: 18/18 MP: 2/2
   205 | D:1      | Found a faded altar of an unknown god.
   535 | D:2      | Reached XP level 3. HP: 22/22 MP: 3/3
   540 | D:2      | Found an opulent altar of Gozag.
   661 | D:2      | Found a runed translucent door.
   662 | D:2      | Noticed Crazy Yiuf
   760 | D:2      | Noticed Robin
   864 | D:2      | Slain by a goblin

Illustrated notes

Levels and vault maps discovered:
D:1:      eino_arrival_druids_welcome, layout_basic,
          dreamdust_ecumenical_altar_angels_and_demons
D:2:      layout_basic, basic_altar, minmay_surrounded, uniq_robin,
          uniq_crazy_yiuf_cottage

Action                   || total
-------------------------++-------
 Fire: Shortbow          ||    60
  Use: Potion            ||     1
Armor: Leather armour    ||    18
Dodge: Dodged            ||    18
